 Dungeon Crawl Stone Soup version 0.29-a0-923-g6e406bff71 (webtiles) character file.

Game seed: 8254936071705717924

12574 Aviak the Fighter (level 12, 0/94 HPs)
             Began as a Djinni Fire Elementalist on July 27, 2022.
             Was a Priest of Cheibriados.
             Killed from afar by a gargoyle (17 damage)
             ... with a stone arrow
             ... on level 9 of the Dungeon.
             The game lasted 00:22:50 (10749 turns).

Aviak the Fighter (Djinni Fire Elementalist)       Turns: 10749, Time: 00:22:51

Health: 0/94       AC: 11    Str: 19    XL:     12   Next: 21%
Gold:   121        EV: 11    Int: 42    God:    Cheibriados [***...] SH:  6 Dex: 18

rFire   + + .      SeeInvis .   J - +0 broad axe (flame)
rCold   x . .      Faith    .   L - +1 buckler {rN+}
rNeg    + . .      Spirit   .   K - +0 swamp dragon scales {rPois}
rPois   ∞          Reflect  .   y - +2 helmet {Int+3}
rElec   .          Harm     .   (no cloak)
rCorr   .          Rampage  .   F - +0 pair of gloves
Will    +....                   (boots unavailable)
Stlth   +.........              M - amulet of the acrobat
HPRegen 0.25/turn               v - ring "Omuaj" {Fly MP+9 Str+2 Int+6 Dex-5}
MPRegen 0.00/turn               o - +6 ring of intelligence

@: flying, studying Axes, very slow
A: sickness immunity, fire resistance 2, cold vulnerability 1, float, innate
caster, HP casting, extra vitality 1
a: Renounce Religion, Bend Time, Temporal Distortion


You were on level 9 of the Dungeon.
You worshipped Cheibriados.
Cheibriados was most pleased with you.
You visited 1 branch of the dungeon, and saw 10 of its levels.
You also visited: Sewer.

You collected 620 gold pieces.
You spent 499 gold pieces at shops.

Inventory:

Hand Weapons
 b - a +0 dagger
 w - a +1 dagger of venom
 E - a +2 dagger of venom
 J - a +0 broad axe of flaming (weapon)
Armour
 a - a +0 robe
 y - a +2 helmet of intelligence (worn)
 F - a +0 pair of gloves (worn)
 G - a +0 buckler
 K - +0 swamp dragon scales (worn) {rPois}
 L - a +1 buckler of positive energy (worn)
Magical Staves
 V - a staff of cold {rC+}
Jewellery
 o - a +6 ring of intelligence (right hand)
 v - the ring "Omuaj" (left hand) {Fly MP+9 Str+2 Int+6 Dex-5}
   (You found it on level 3 of the Dungeon)

   [ring of intelligence]

   Str:       It affects your strength (+2).
   Int:       It affects your intelligence (+6).
   Dex:       It affects your dexterity (-5).
   MP:        It affects your magic capacity (+9).
   Fly:       It grants you flight.
 A - a ring of protection from cold
 C - a ring of protection from cold
 H - a ring of wizardry
 M - an amulet of the acrobat (around neck)
 S - a ring of resist corrosion
 T - an amulet of reflection
 U - an amulet of faith {!P}
 Z - a ring of see invisible
Wands
 i - a wand of iceblast (4)
 m - a wand of polymorph (14)
 I - a wand of flame (21)
Scrolls
 d - a scroll of silence {!r}
 e - a scroll of butterflies
 j - 3 scrolls of poison
 k - a scroll of enchant armour
 n - a scroll of fear
 r - a scroll of enchant weapon {unknown}
 s - a scroll of vulnerability {!r}
 t - 2 scrolls of teleportation
 u - a scroll of magic mapping {unknown}
 x - 5 scrolls of blinking
 N - a scroll of brand weapon {unknown}
 O - a scroll of torment {!r}
 P - a scroll of noise {unknown}
Potions
 c - 6 potions of curing
 f - a potion of haste
 g - a potion of flight {unknown}
 h - a potion of heal wounds
 l - a potion of resistance {unknown}
 p - 3 potions of might {unknown}
 q - 3 potions of attraction {unknown}
 z - 3 potions of brilliance {unknown}
 B - a potion of berserk rage {unknown}
 D - 3 potions of mutation {unknown}
 Q - a potion of magic {unknown}
 R - a potion of ambrosia


   Skills:
 - Level 11.1 Fighting
 + Level 2.1 Axes
 + Level 1.0 Armour
 - Level 2.1 Dodging
 - Level 1.5 Stealth
 - Level 3.0 Shields
 + Level 9.8 Spellcasting
 - Level 8.1 Invocations


You had 4 spell levels left.
You knew the following spells:

 Your Spells              Type           Power      Damage    Failure   Level
a - Foxfire               Conj/Fire      100%       2x1d9     1%          1
b - Scorch                Fire           100%       2d10      1%          2
c - Conjure Flame         Conj/Fire      81%        6-21      1%          3
d - Inner Flame           Hex/Fire       81%        N/A       1%          3
e - Flame Wave            Conj/Fire      81%        2d18      1%          4
f - Beastly Appendage     Tmut           100%       N/A       1%          1
g - Ensorcelled Hibernat  Hex/Ice        100%       N/A       1%          2
h - Ignite Poison         Fire/Tmut/Pois 81%        N/A       1%          3
r - Summon Lightning Spi  Summ/Air       81%        N/A       1%          4
w - Frozen Ramparts       Ice            100%       1d12      1%          3
Your spell library was empty.

Dungeon Overview and Level Annotations

Branches:
Dungeon (10/15) Zot: 40489  Temple (0/1) D:7            Lair (0/5) D:9
  Sewer (visited)
    Orc: D:9-12

Altars:
Ashenzari
Cheibriados
Elyvilon
Gozag
Nemelex Xobeh
Qazlal
Uskayaw
Wu Jian
Xom
Yredelemnul

Shops:
D:2 ?[(?(   D:6 =   D:9 !

Annotations:
D:4 1 transporter, zurenarrh's ghost, amateur BaFi
D:6 2 transporters, gruber's ghost, novice TeCj


Innate Abilities, Weirdness & Mutations

You are immune to sickness and miasma.
You are immune to poison.
Your flesh is very heat resistant. (rF++)
You are vulnerable to cold. (rC-)
You float through the air rather than walking.
You learn spells naturally, not from books.
Your magical power is your life essence.
You have superior vitality. (+4 MHP)


Message History

You hit the gargoyle. You burn the gargoyle.
The gargoyle is lightly damaged.
You block the gargoyle's attack. The gargoyle hits you with a +0 flail!
You fly upwards.
There is a stone staircase leading down here.
Casting: Foxfire (safe; 1% risk of failure)
Confirm with . or Enter, or press ? or * to list all spells.
Flames lash the gargoyle.
The gargoyle is moderately damaged.
The gargoyle's fire resistance burns away.
The gargoyle barely misses you.
Casting: Scorch (safe; 1% risk of failure)
Confirm with . or Enter, or press ? or * to list all spells.
Flames lash the gargoyle but do no damage.
The gargoyle hurls a stone arrow at you.
The stone arrow hits you!
Casting: Scorch (safe; 1% risk of failure)
Confirm with . or Enter, or press ? or * to list all spells.
Flames lash the gargoyle but do no damage.
The gargoyle hits you with a +0 flail!
Casting: Scorch (safe; 1% risk of failure)
Confirm with . or Enter, or press ? or * to list all spells.
An electric hum fills the air.
The gargoyle hurls a stone arrow at you.
The stone arrow hits you!
Casting: Summon Lightning Spire (mildly dangerous; 1% risk of failure)
Confirm with . or Enter, or press ? or * to list all spells.
Flames lash the gargoyle but do no damage.
The gargoyle is no longer more vulnerable to fire.
The gargoyle hurls a stone arrow at you.
The stone arrow hits you!
* * * LOW HITPOINT WARNING * * *
Okay, then.
The flow of time bends around you.
Cheibriados rebukes the gargoyle.
The gargoyle seems to slow down.
The gargoyle hurls a stone arrow at you.
The stone arrow hits you!
You die...

#### ###...
#####################≈≈.≈≈
########..........#.........≈#'#≈
.#.P..P#..........#..........'∩+.
≈≈.≈≈≈≈≈..........#.........≈#'#≈
≈≈≈≈♣≈≈≈P.........#.........≈).≈≈
≈.≈≈≈≈≈≈.♣......@.#.........##.##
P≈≈≈≈≈≈≈≈......9..#.........##...
≈≈.≈.≈♣.......)..8#.........#####
..≈.≈.≈≈P.........#.........# #
..P...............#.........# ##
.....###..........#.........# #.
.....# #..........#.........# ##.
.....# #..........#.........# #..
.#...# #.......<..#...#####.###.#


You could see a gargoyle (slow, ally target) and a friendly lightning spire
(summoned).

Vanquished Creatures
  2 two-headed ogres
  A deep elf pyromancer (D:9)
  A cyclops (D:9)
  A manticore (D:9)
  Maggie (D:7)
  A troll (D:9)
  2 hornets (D:9)
  2 wyverns (D:9)
  23 yaks
  3 wraiths (D:9)
  2 basilisks (D:9)
  A steam dragon (D:7)
  Grum (D:8)
  2 acid dragons
  A water moccasin (D:6)
  2 black bears
  An ice beast (D:7)
  2 orc warriors
  A sky beast (D:7)
  Pargi (Sewer)
  2 wolves (D:8)
  3 centaurs (D:9)
  4 bullfrogs
  A gnoll sergeant (D:8)
  A scorpion (D:7)
  9 wights
  7 killer bees (D:9)
  An electric eel (D:9)
  6 howler monkeys
  3 jellies
  4 hounds
  An iguana (D:5)
  Ijyb (D:4)
  8 orc wizards
  6 adders
  8 gnolls
  2 ufetubi (D:5)
  3 worms (D:3)
  2 dart slugs
  18 orcs
  4 ball pythons
  7 endoplasms
  5 giant cockroaches
  6 goblins
  5 hobgoblins
  2 jackals (D:1)
  6 quokkas
  14 bats
  4 frilled lizards
  6 kobolds
  4 rats
204 creatures vanquished.

Vanquished Creatures (collateral kills)
  A two-headed ogre (D:9)
  An ugly thing (D:9)
  A wraith (D:9)
  A yak (D:9)
  A howler monkey (D:9)
  3 foxfires
8 creatures vanquished.

Vanquished Creatures (others)
  283 foxfires
  47 plants (D:9)
330 creatures vanquished.

Grand Total: 542 creatures vanquished

Notes
Turn   | Place    | Note
-------+----------+-------------------------------------------
     0 | D:1      | Aviak the Djinni Fire Elementalist began the quest for the
                  | Orb.
     0 | D:1      | Aviak set off with the following spells memorised: Foxfire,
                  | Scorch, Conjure Flame, Inner Flame, Flame Wave.
     0 | D:1      | Reached XP level 1. HP: 15/15 MP: 0/0
   191 | D:1      | Reached XP level 2. HP: 19/22 MP: 0/0
   474 | D:1      | Reached skill level 1 in Fighting
   583 | D:1      | Reached XP level 3. HP: 24/27 MP: 0/0
   583 | D:1      | Learned a level 1 spell: Beastly Appendage
   864 | D:1      | Found a faded altar of an unknown god.
  1281 | D:2      | Found Kextixug's Magic Scroll Emporium.
  1292 | D:2      | Bought a scroll of identify for 28 gold pieces
  1377 | D:2      | Found Neruc's Weapon Shop.
  1430 | D:2      | Found Dyses's Armour Emporium.
  1540 | D:2      | Found Neguscheu's Antique Weapon Shoppe.
  1580 | D:2      | Reached XP level 4. HP: 29/32 MP: 0/0
  1704 | D:2      | Found Ukkiriw's Magic Scroll Boutique.
  1716 | D:2      | Bought a scroll of identify for 22 gold pieces
  1716 | D:2      | Bought a scroll of identify for 22 gold pieces
  2182 | D:3      | Reached skill level 2 in Fighting
  2263 | D:3      | Found a glowing drain.
  2271 | Sewer    | Entered a sewer
  2274 | Sewer    | Reached XP level 5. HP: 35/38 MP: 0/0
  2274 | Sewer    | Learned a level 2 spell: Ensorcelled Hibernation
  2343 | Sewer    | Noticed Pargi
  2351 | Sewer    | Killed Pargi
  2352 | Sewer    | Reached XP level 6. HP: 38/45 MP: 0/0
  2528 | D:3      | Found a white marble altar of Elyvilon.
  2666 | D:3      | Reached skill level 3 in Fighting
  2900 | D:3      | Identified the ring "Omuaj" {Fly MP+9 Str+2 Int+6 Dex-5}
  3430 | D:4      | Identified a scroll of acquirement
  3508 | D:4      | Acquired a +2 helmet of intelligence
  3515 | D:4      | Found a stormy altar of Qazlal.
  3569 | D:4      | Identified the +4 dire flail of the Hierophant {venom, MP+9
                  | Str+5}
  3569 | D:4      | Noticed an ogre
  3570 | D:4      | Found a transporter.
  3570 | D:4      | Noticed zurenarrh's ghost (amateur BaFi)
  3587 | D:4      | Found an ornate altar of the Wu Jian Council.
  3652 | D:4      | Noticed Ijyb
  3664 | D:4      | Killed Ijyb
  3967 | D:5      | Entered Level 5 of the Dungeon
  4143 | D:5      | Reached XP level 7. HP: 43/50 MP: 0/0
  4143 | D:5      | Learned a level 3 spell: Ignite Poison
  4384 | D:5      | Found an opulent altar of Gozag.
  4384 | D:5      | Found a snail-covered altar of Cheibriados.
  4384 | D:5      | Found a basalt altar of Yredelemnul.
  4389 | D:5      | Found a sparkling altar of Nemelex Xobeh.
  4397 | D:5      | Reached skill level 5 in Spellcasting
  4398 | D:5      | Became a worshipper of Cheibriados the Contemplative
  4439 | D:5      | Found a hide-covered altar of Uskayaw.
  4440 | D:5      | Found a shimmering altar of Xom.
  4820 | D:6      | Reached skill level 4 in Fighting
  4909 | D:2      | Bought a scroll of identify for 28 gold pieces
  4909 | D:2      | Bought a scroll of identify for 28 gold pieces
  4909 | D:2      | Bought a scroll of teleportation for 42 gold pieces
  4909 | D:2      | Bought a scroll of teleportation for 42 gold pieces
  5200 | D:6      | Reached XP level 8. HP: 52/58 MP: 0/0
  5310 | D:6      | Noticed a queen bee
  5318 | D:6      | Found a transporter.
  5346 | D:6      | Found Aggacof's Jewellery Shop.
  5537 | D:6      | Found a broken altar of Ashenzari.
  5594 | D:6      | Reached skill level 1 in Shields
  5822 | D:6      | Noticed gruber's ghost (novice TeCj)
  5823 | D:6      | Noticed a hornet
  5851 | D:6      | Found a transporter.
  5886 | D:7      | Reached skill level 5 in Fighting
  6134 | D:7      | Reached * piety under Cheibriados
  6181 | D:7      | Reached XP level 9. HP: 60/66 MP: 0/0
  6181 | D:7      | Learned a level 3 spell: Frozen Ramparts
  6235 | D:7      | Reached skill level 6 in Fighting
  6242 | D:7      | Reached skill level 7 in Fighting
  6717 | D:7      | Found a staircase to the Ecumenical Temple.
  6807 | D:7      | Noticed Maggie
  6815 | D:7      | Killed Maggie
  6816 | D:7      | Reached skill level 8 in Fighting
  6816 | D:7      | Reached skill level 1 in Invocations
  6816 | D:7      | Reached XP level 10. HP: 62/76 MP: 0/0
  7238 | D:2      | Bought a +1 buckler of positive energy for 175 gold pieces
  7849 | D:8      | Reached skill level 9 in Fighting
  7946 | D:8      | Reached ** piety under Cheibriados
  7955 | D:8      | Reached skill level 5 in Invocations
  8111 | D:8      | Noticed Grum
  8118 | D:8      | Killed Grum
  8560 | D:9      | Noticed a two-headed ogre
  8566 | D:9      | Killed a two-headed ogre
  8567 | D:9      | Reached XP level 11. HP: 33/85 MP: 0/0
  8567 | D:9      | Learned a level 4 spell: Summon Lightning Spire
  8680 | D:9      | Noticed a red ugly thing
  8683 | D:9      | Killed a red ugly thing
  8684 | D:9      | Reached skill level 10 in Fighting
  8724 | D:8      | Noticed a two-headed ogre
  8732 | D:8      | Killed a two-headed ogre
  9348 | D:9      | Found Nisah's Distillery.
  9351 | D:9      | Bought a potion of heal wounds for 70 gold pieces
  9351 | D:9      | Bought a potion of curing for 42 gold pieces
  9411 | D:9      | Noticed a deep elf pyromancer
  9419 | D:9      | Killed a deep elf pyromancer
  9424 | D:9      | Noticed a two-headed ogre
  9430 | D:9      | Killed a two-headed ogre
  9437 | D:9      | Reached *** piety under Cheibriados
  9759 | D:9      | Reached XP level 12. HP: 53/93 MP: 0/0
  9778 | D:9      | Reached skill level 11 in Fighting
 10235 | D:9      | Found a staircase to the Lair.
 10399 | D:9      | Reached skill level 1 in Axes
 10721 | D:9      | Reached skill level 1 in Armour
 10740 | D:10     | Entered Level 10 of the Dungeon
 10749 | D:9      | Killed from afar by a gargoyle

Illustrated notes

Levels and vault maps discovered:
D:1:      eino_arrival_water_star, layout_basic,
          dreamdust_ecumenical_altar_hidden_monk_grotto
D:2:      layout_rooms, serial_shops, nicolae_shop_window_shopping, shop,
          nicolae_lakefront_shop, nicolae_shop_stone, nicolae_shop_waterfront
D:3:      layout_loops_corners, mainiacjoe_overflow_six_doors_small,
          gup_sewer_entry_bubbles, minmay_misc_feat_x
D:4:      layout_basic, grunt_qazlal_sundering, nicolae_wu_jian_wuxing_cycle,
          gammafunk_ghost_smash, uniq_ijyb
D:5:      layout_loops_ring, nicolae_overflow_hallway_of_the_gods,
          minmay_misc_feat_five, minmay_misc_feat_cross
D:6:      layout_rooms, kennysheep_orc_sif_temple, nicolae_ashenzari_panopticon,
          gammafunk_ghost_hive, minmay_shop_enchanted_jewellery
D:7:      layout_loops_ring, minmay_temple_entry_enclosed_plants, uniq_maggie
D:8:      cheibrodos_elevator_heist, layout_gridville,
          chequers_serial_rivers_small_a, uniq_grum
D:9:      minmay_the_grid_four_pointed_star
          [minmay_the_grid_triangle_9x9_flanged_cone,
          minmay_the_grid_triangle_9x9_sparse_checkered,
          minmay_the_grid_triangle_9x9_checkered,
          minmay_the_grid_triangle_9x9_thin_v,
          minmay_the_grid_prize_four_corners_diamond_b], layout_long_grid,
          david_lair_generic, serial_bayou, serial_bayou_pond_e,
          serial_bayou_crossing, serial_bayou_lake_a, serial_bayou_pond_b,
          serial_shops, kennysheep_mini_moat
D:10:     layout_cave_pools, overflow_temple_1_default, fedhas_altar_3,
          marbit_many_paths, nicolae_trove_entry_diagonal, st_stairs_2,
          minivault_14, grunt_ministairs_14

Skill      XL: |  1  2  3  4  5  6  7  8  9 10 11 12 |
---------------+-------------------------------------+-----
Fighting       | 1 2 3 4 5 8 9 10 11 | 11.1
Spellcasting   | 3 4 5 6 7 8 9 |  9.8
Shields        | 2 3 |  3.0
Invocations    | 1 5 7 8 |  8.1
Axes           | 2 |  2.1
Armour         | 1 |  1.0
Dodging        | |  2.1
Stealth        | |  1.5

Action                   |  1- 3 |  4- 6 |  7- 9 | 10-12 || total
-------------------------+-------+-------+-------+-------++-------
Melee: Dagger            |    16 |    29 |     9 |     4 ||    58
       Unarmed           |     1 |       |       |       ||     1
       Broad axe         |       |       |       |     1 ||     1
 Cast: Foxfire           |    55 |    54 |    40 |    21 ||   170
       Scorch            |       |    14 |    50 |    64 ||   128
       Conjure Flame     |       |     2 |     5 |     5 ||    12
       Frozen Ramparts   |       |       |     4 |    20 ||    24
       Flame Wave        |       |       |     2 |    21 ||    23
       Ensorcelled Hiber |       |       |       |     1 ||     1
       Summon Lightning  |       |       |       |     5 ||     5
       Inner Flame       |       |       |       |     2 ||     2
Invok: Bend Time         |       |       |       |     7 ||     7
  Use: Scroll            |       |     8 |       |     7 ||    15
       Potion            |       |       |       |     2 ||     2
 Stab: Sleeping          |     1 |     2 |     1 |       ||     4
Armor: Robe              |     4 |    10 |     3 |       ||    17
       Swamp dragon scal |       |       |       |    14 ||    14
Dodge: Dodged            |    14 |    15 |     8 |    38 ||    75
Block: Buckler           |       |       |     2 |    12 ||    14

Table legend: (Time is in decaauts)
 A = Elapsed time spent in this place.
 B = Non-inter-level travel time spent in this place.
 C = Inter-level travel time spent in this place.
 D = Time resting spent in this place.
 E = Time spent auto-exploring this place.
 F = Levels seen in this place.
 G = Mean time per level.
                   A        B        C        D        E       F      G
               +--------+--------+--------+--------+--------+-----+--------+
         Total |  12083 |  11248 |    835 |   1557 |   8311 |  11 | 1098.5 |
       Dungeon |  11913 |  11078 |    835 |   1557 |   8188 |  10 | 1191.3 |
         Sewer |    169 |    169 |      0 |      0 |    123 |   1 |  169.0 |
               +--------+--------+--------+--------+--------+-----+--------+

Top non-repeatable levels by time:
     D:8: 2048 daAuts
     D:9: 2030 daAuts
     D:7: 1534 daAuts
     D:1: 1261 daAuts
     D:3: 1259 daAuts
     D:6: 1120 daAuts
     D:5: 1059 daAuts
     D:4: 853 daAuts
     D:2: 744 daAuts
   Sewer: 169 daAuts
    D:10: 3 daAuts
